Tolliver Groat, neutral female gnomish Tourist ----- |.... |.{.| |...+ |<*(| --|--# #### # ------ ##### |.x....-#####--------.------ |x@f...| #..............| |.......# |.............| |.............| |.............| |.............| --------------- Tolliver Groat the Rambler Experience level: 2 Strength: 11 Dexterity: 8 Constitution: 17 Intelligence: 13 Wisdom: 9 Charisma: 17 Health: 0(20) Energy: 5(5) Def: 0 Gold: 1356 Moves: 1393 Dungeon seed: ensws25CcQy7Z_yU Game ID: Tolliver Groat_1529521560 Your Inventory: Coins $ - 1356 gold pieces Weapons a - 41 uncursed +2 darts (in quiver) o - an uncursed +2 aklys (weapon in hand) Armor l - an uncursed +0 Hawaiian shirt (being worn) Comestibles b - 2 uncursed cream pies c - 3 uncursed tripe rations f - 5 uncursed food rations h - an uncursed carrot A - an uncursed fortune cookie Scrolls j - 4 uncursed scrolls of magic mapping s - an uncursed scroll of enchant armor v - an uncursed scroll of create monster C - a blessed scroll of light F - an uncursed scroll of scare monster Spellbooks G - an uncursed spellbook of remove curse Potions i - 2 uncursed potions of extra healing r - an uncursed potion of gain energy E - an uncursed potion of water Rings p - an uncursed ring of sustain ability Wands m - an uncursed wand of secret door detection (0:14) t - an uncursed wand of enlightenment (0:14) w - an uncursed wand of enlightenment (0:14) B - an uncursed wand of probing (0:2) Tools e - an uncursed credit card n - an uncursed expensive camera (0:81) x - an uncursed towel Spells and supernatural/magical abilities: Name Level Category Fail Memory W - pray for help -- divine ? -- Your skills at the end: Miscellaneous Skills wands [Basic] Weapon Skills club [Basic] dart [Basic] Spellcasting Skills Final Attributes: You were devoutly aligned. Your writing hand was ok. You had infravision. You were very stealthy. You are dead. Vanquished creatures: a gecko a giant rat a yellow mold 3 jackals 7 newts a goblin 3 grid bugs 2 lichens 2 kobold zombies 21 creatures vanquished. Voluntary challenges: You did not cause conflict. You were not invisible. You did not have reflection. You were not displaced. You were an atheist. You used a wielded weapon 18 times, starting on turn 47. You did not apply a unicorn horn. You did not use plumbed fixtures. You did not drink any magical draughts. You read items or engraved 1 time, starting on turn 1378. You never genocided any monsters. You never polymorphed an object. You never changed form. You used no wishes. You never split a pudding. You never wrote Elbereth's name. You never violated your personal moral code. Dungeon overview: The Dungeons of Doom: levels 1 to 4 Level 1 some fountains a long staircase Level 2 some fountains Level 3 a potion shop Level 4 <- You were here a fountain History has recorded: On T:1 you entered the Dungeons of Doom to retrieve the Amulet of Yendor! On T:498 you reached level 2 of The Dungeons of Doom. On T:863 you reached level 3 of The Dungeons of Doom. On T:1139 you advanced to experience level 2. On T:1306 you reached level 4 of The Dungeons of Doom. Score breakdown: Gold: 529 ( 52 points) Experience: 2 levels ( 100 points) Exploration: 4 levels ( 90 points) Discoveries: 11 items ( 550 points) Variety of kills: 9 monsters ( 450 points) Major goal: (nothing yet) ( 0 points) Survival: died (score multiplied by 3) Total score: 3726 Latest messages: The jitterbug bites Coco. The jitterbug bites! The jitterbug blocks your kick. The jitterbug displaces you! The jitterbug bites! (4x) You kick the jitterbug. The jitterbug bites! (4x) You kick the jitterbug. The jitterbug displaces you! The jitterbug bites! (4x) Ouch! That hurts! The jitterbug bites! (4x) Use the 'moveonly' command to move into a remembered wall. You hit the jitterbug! The jitterbug displaces you! Coco misses the jitterbug. The jitterbug bites! You die... Final status: Aloha Tolliver Groat the Tourist, killed by a jitterbug... You died in The Dungeons of Doom on dungeon level 4 with 3726 points, and 1356 pieces of gold, after 1393 moves. You were level 2 with a maximum of 20 hit points when you died.